 Dungeon Crawl Stone Soup version 0.30.1-9-gdf580d7c3d (webtiles) character file.

Game seed: 14355926417973892366

648 monsoonserge the Skirmisher (level 7, -4/36 HPs)
             Began as a Spriggan Hunter on Oct 2, 2023.
             Was an Initiate of Ru.
             Killed from afar by an orc wizard (10 damage)
             ... with a puff of flame
             ... on level 5 of the Dungeon.
             The game lasted 00:12:13 (3960 turns).

monsoonserge the Skirmisher (Spriggan Hunter)       Turns: 3960, Time: 00:12:15

Health: -4/36      AC:  3    Str:  7    XL:     7   Next: 27%
Magic:  8/8        EV: 19    Int: 10    God:    Ru [......]
Gold:   235        SH:  0    Dex: 21    Spells: 6/6 levels left

rFire   . . .        a - +0 shortbow
rCold   . . .        (shield currently unavailable)
rNeg    . . .        m - +1 animal skin
rPois   .            (helmet restricted)
rElec   .            (no cloak)
rCorr   .            (gloves unavailable)
SInv    +            (boots unavailable)
Will    +....        (no amulet)
Stlth   +            (no ring)
HPRegen 0.26/turn    (no ring)
MPRegen 0.11/turn

%: no passive effects
@: confused, mighty, very quick
A: very small, no large weapons, unfitting armour, see invisible, speed 3
a: Renounce Religion


You were on level 5 of the Dungeon.
You worshipped Ru.
Ru was noncommittal.
You visited 2 branches of the dungeon, and saw 6 of its levels.

You collected 235 gold pieces.

Inventory:

Hand Weapons
 a - a +0 shortbow (weapon)
Armour
 m - a +1 animal skin (worn)
Jewellery
 l - a ring of magical power
Wands
 w - a wand of flame (3)
Scrolls
 b - a scroll of immolation
 g - a scroll of fog {unknown}
 h - 2 scrolls of amnesia
 i - a scroll of teleportation {unknown}
 j - 2 scrolls of noise {unknown}
 o - 2 scrolls of identify {unknown}
 q - a scroll of enchant weapon {unknown}
 r - a scroll of vulnerability {unknown}
 u - a scroll of fear {unknown}
 v - a scroll of poison {unknown}
Potions
 c - 3 potions of might
 d - 2 potions of curing {unknown}
 e - a potion of attraction {unknown}
 f - a potion of heal wounds {unknown}
 k - 3 potions of flight {unknown}
 n - 2 potions of brilliance {unknown}
 p - a potion of resistance {unknown}
 s - a potion of magic {unknown}
 t - a potion of lignification {unknown}


   Skills:
 + Level 3.0 Fighting
 + Level 8.1 Ranged Weapons
 + Level 3.4 Dodging
 + Level 2.3 Stealth


You had 6 spell levels left.
You didn't know any spells.
Your spell library contained the following spells:

 Spells                   Type           Power      Damage    Failure   Level
 Blink                    Tloc           0%         N/A       50%         2
 Manifold Assault         Tloc           0%         N/A       98%         4
 Storm Form               Tmut/Air       0%         N/A       100%        7


Dungeon Overview and Level Annotations

Branches:
Dungeon (5/15)             Temple (1/1) D:4

Altars:
Kikubaaqudgha
Qazlal
Ru
Uskayaw
Vehumet
Wu Jian
Yredelemnul
Zin

Shops:
D:3 (


Innate Abilities, Weirdness & Mutations

You are very small and have problems with some larger weapons.
You are too small for most types of armour.
You have supernaturally acute eyesight. (SInv)
You cover ground extremely quickly. (Speed+++)


Message History

The arrow completely misses the orc wizard.
The orc wizard misses you.
You shoot an arrow. The arrow barely misses the orc wizard.
The orc wizard barely misses you.
You shoot an arrow.
The arrow hits the orc wizard but does no damage.
The orc wizard is moderately wounded.
The orc wizard hits you with a +0 war axe.
You shoot an arrow. The arrow misses the orc wizard.
The orc wizard barely misses you.
You shoot an arrow. The arrow hits the orc wizard!
The orc wizard is almost dead.
The orc wizard casts a spell at you. The puff of flame misses you.
You shoot an arrow.
The arrow closely misses the orc wizard.
The orc wizard hits you with a +0 war axe!
You shoot an arrow.
The arrow hits the orc wizard but does no damage.
The orc wizard is almost dead.
The orc wizard gestures at you while chanting.
The magic dart hits you!
The orc wizard points at you and mumbles some strange words.
The magic dart hits you.
* * * LOW HITPOINT WARNING * * *
An orc priest comes into view. It is wielding a +0 dagger.
An orc priest comes into view. It is wielding a +0 flail.
An orc comes into view. It is wielding a +0 club.
The orc wizard casts a spell at you.
You are confused.
You bump into the rock wall.
The orc priest misses you.
You bump into the rock wall.
The orc priest misses you.
It was a potion of might.
You feel very mighty all of a sudden.
The orc priest hits you with a +0 flail.
* * * LOW HITPOINT WARNING * * *
The orc hits you but does no damage.
The orc wizard points at you and mumbles some strange words.
The puff of flame hits you!
You die...

#.# #.# #.# #.#
#.# #.#####
#####.####.#...#
#..........#.#.#
#.#.#.#........#
#.#o#.#.####...#
#<...o.<..†....#
#.#.#@#######..#
#...o.....o....#
#.....#.........##
#......##########
#.####. #.. #.#
..# #.# #.


You could see 2 orc priests, an orc wizard (invisible) and an orc.

Vanquished Creatures
  A water moccasin (D:5)
  A centaur (D:3)
  A scorpion (D:4)
  A howler monkey (D:5)
  A jelly (D:4)
  3 hounds
  Jessica (D:3)
  An iguana (D:4)
  Robin (D:4)
  4 gnolls (D:3)
  2 adders
  A shadow imp (D:4)
  A white imp (D:4)
  An ufetubus (D:4)
  A worm (D:4)
  A dart slug (D:4)
  8 orcs
  7 bats
  5 endoplasms
  2 giant cockroaches
  16 goblins
  10 hobgoblins
  8 jackals
  7 quokkas
  8 ball pythons
  2 frilled lizards
  9 kobolds
  5 rats
109 creatures vanquished.

Notes
Turn   | Place    | Note
-------+----------+-------------------------------------------
     0 | D:1      | monsoonserge the Spriggan Hunter began the quest for the
                  | Orb.
     0 | D:1      | Reached XP level 1. HP: 10/10 MP: 2/2
   190 | D:1      | Reached XP level 2. HP: 14/14 MP: 3/3
   879 | D:2      | You fall into a shaft and drop 2 floors!
   880 | D:4      | Noticed a scorpion
   884 | D:4      | Killed a scorpion
   885 | D:4      | Reached skill level 5 in Ranged Weapons
   885 | D:4      | Reached XP level 3. HP: 18/18 MP: 4/4
   885 | D:4      | Reached XP level 4. HP: 23/23 MP: 5/5
  1159 | D:4      | Noticed Robin
  1190 | D:4      | Killed Robin
  1222 | D:4      | Reached skill level 6 in Ranged Weapons
  1231 | D:4      | Reached XP level 5. HP: 26/26 MP: 6/6
  1364 | D:3      | Noticed Jessica
  1367 | D:3      | Noticed a centaur
  1649 | D:4      | Reached XP level 6. HP: 30/30 MP: 7/7
  1660 | D:4      | Found a staircase to the Ecumenical Temple.
  1733 | Temple   | Entered the Ecumenical Temple
  1746 | Temple   | Became a worshipper of Ru the Awakened
  2433 | D:2      | Reached skill level 7 in Ranged Weapons
  3127 | D:3      | Found Dewkebbuntyi's Antique Weapon Emporium.
  3202 | D:3      | Killed Jessica
  3252 | D:3      | Found a faded altar of an unknown god.
  3868 | D:5      | Entered Level 5 of the Dungeon
  3886 | D:5      | Reached XP level 7. HP: 32/35 MP: 8/8
  3936 | D:5      | Reached skill level 8 in Ranged Weapons
  3960 | D:5      | Killed from afar by an orc wizard

Illustrated notes

Levels and vault maps discovered:
D:1:      dpeg_arrival_snail, layout_basic
D:2:      layout_loops_corners, grunt_decor_resistance
D:3:      layout_loops_cross, serial_shops, shop, basic_ecumenical_altar,
          bh_walls_and_bars, uniq_jessica
D:4:      cheibrodos_old_hovel, layout_basic,
          minmay_temple_entry_gardened_gates, uniq_robin
D:5:      layout_basic, chequers_serial_rivers_micro_d, minmay_manual_moon
Temple:   hellmonk_temple_micro_hex

Skill      XL: |  1  2  3  4  5  6  7 |
---------------+----------------------+-----
Ranged Weapons | 5 6 7 8 |  8.1
Dodging        | 3 |  3.4
Fighting       | 2 3 |  3.0
Stealth        | 2 |  2.3

Action                     |  1- 3 |  4- 6 |  7- 9 || total
---------------------------+-------+-------+-------++-------
   Fire: Shortbow          |    46 |   225 |    19 ||   290
 Invoke: Reject Sacrifices |       |     1 |       ||     1
    Use: Scroll            |       |       |     1 ||     1
         Potion            |       |       |     1 ||     1
 Armour: Robe              |     2 |     1 |       ||     3
         Animal skin       |       |    13 |     1 ||    14
  Dodge: Dodged            |    12 |    97 |    11 ||   120
